 Dungeon Crawl Stone Soup version 0.30-a0-603-g51a0fb1b98 (webtiles) character file.

Game seed: 10158052001745110558

2004 Leeroy the Grappler (level 9, -1/60 (64) HPs)
             Began as a Yellow Draconian Transmuter on Jan 7, 2023.
             Slain by an unseen horror (9 damage)
             ... on level 7 of the Dungeon.
             The game lasted 00:08:32 (6033 turns).

Leeroy the Grappler (Yellow Draconian Transmuter)   Turns: 6033, Time: 00:08:33

HP:   -1/60 (64)    AC:  7    Str: 13    XL:     9   Next: 2%
MP:   12/12         EV: 17    Int: 17    God:
Gold: 405           SH:  0    Dex: 12    Spells: 4/12 levels left

rFire   . . .      SeeInvis .      - Unarmed
rCold   . . .      Faith    .    (no shield)
rNeg    . . .      Spirit   .    (body armour unavailable)
rPois   .          Reflect  .    (helmet currently unavailable)
rElec   .          Harm     .    e - scarf {shadows}
rCorr   +          Rampage  .    (no gloves)
Will    .....                    (boots currently unavailable)
Stlth   +                        (no amulet)
HPRegen 0.30/turn                D - +5 ring of evasion
MPRegen 0.13/turn                C - ring of wizardry

@: short of breath, appendages, drained
A: horns 2, talons 2, spit acid, AC +7, unfitting armour, cold-blooded, acid
resistance
a: Breathe Acid, End Transformation


You were on level 7 of the Dungeon.
You had temporarily grown beastly horns and talons.
You visited 2 branches of the dungeon, and saw 8 of its levels.

You collected 405 gold pieces.

Inventory:

Hand Weapons
 h - a +2 sling of flaming
 u - a +2 short sword of venom
Missiles
 r - a throwing net
Armour
 e - a scarf of shadows (worn)
Jewellery
 y - a ring of ice
 C - a ring of wizardry (right hand)
 D - a +5 ring of evasion (left hand)
Wands
 E - a wand of iceblast (14)
Scrolls
 b - a scroll of brand weapon {unknown}
 f - 5 scrolls of identify {unknown}
 i - 3 scrolls of amnesia {unknown}
 j - a scroll of acquirement {unknown}
 n - a scroll of blinking {unknown}
 q - a scroll of teleportation {unknown}
 t - 2 scrolls of poison {unknown}
 v - a scroll of silence {unknown}
 w - a scroll of magic mapping {unknown}
 z - a scroll of vulnerability {unknown}
 A - a scroll of immolation {unknown}
Potions
 a - 2 potions of lignification
 c - 3 potions of curing {unknown}
 d - 3 potions of brilliance {unknown}
 g - 2 potions of attraction {unknown}
 k - a potion of ambrosia {unknown}
 l - a potion of invisibility {unknown}
 m - a potion of might {unknown}
 o - 2 potions of mutation {unknown}
 p - a potion of degeneration {unknown}
 s - a potion of magic {unknown}
 x - a potion of haste {unknown}
 B - a potion of berserk rage


   Skills:
 - Level 1.1 Fighting
 - Level 1.7 Dodging
 + Level 10.8 Unarmed Combat
 - Level 2.0 Spellcasting
 * Level 5.9 Transmutations
 - Level 0.1 Ice Magic
 - Level 0.2 Poison Magic


You had 4 spell levels left.
You knew the following spells:

 Your Spells              Type           Power      Damage    Failure   Level
a - Beastly Appendage     Tmut           42%        N/A       1%          1
b - Spider Form           Tmut/Pois      12%        N/A       7%          3
c - Ice Form              Ice/Tmut       11%        N/A       22%         4

Your spell library contained the following spells:

 Spells                   Type           Power      Damage    Failure   Level
 Wereblood                Tmut           21%        N/A       1%          2
 Sublimation of Blood     Necr           1%         N/A       12%         2
 Summon Hydra             Summ           0%         N/A       100%        7


Dungeon Overview and Level Annotations

Branches:
Dungeon (7/15)             Temple (1/1) D:4

Altars:
Cheibriados
Dithmenos
Hepliaklqana
Kikubaaqudgha
Makhleb
Nemelex Xobeh
Qazlal
Ru
Sif Muna
Trog
Uskayaw

Shops:
D:4 *


Innate Abilities, Weirdness & Mutations

You have temporarily grown beastly horns and talons.
You can spit globs of acid.
Your golden yellow scales are hard. (AC +7)
You cannot fit into any form of body armour.
You are cold-blooded and may be slowed by cold attacks.
You are resistant to acid. (rCorr)


Message History

Things that are here:
a +3 battleaxe of freezing; a +0 robe
Aiming: Iceblast
Press: ? - help, Shift-Dir - straight line, f - wight
Aim: a wight, wielding a +4 mace of freezing and wearing a +0 robe
Okay, then.
You hit the wight but do no damage. Your kick misses the wight.
You tail-slap the wight, but do no damage.
The wight hits you with a +4 mace of freezing!
You feel drained.
You feel yourself slow down. The wight freezes you.
You closely miss the wight. You claw the wight.
You headbutt the wight, but do no damage.
Your tail-slap misses the wight.
The wight is moderately damaged.
The wight completely misses you.
You punch the wight! You claw the wight, but do no damage.
You tail-slap the wight, but do no damage.
The wight is almost destroyed.
You feel yourself speed up. Something barely misses you. x2
The wight hits you with a +4 mace of freezing.
You feel drained. The wight freezes you. Something hits you!
Deactivating autopickup; reactivate with Ctrl-A.
The wight hits you with a +4 mace of freezing!
* * * LOW HITPOINT WARNING * * *
The wight freezes you.
* * * LOW HITPOINT WARNING * * *
You hit the wight.
You destroy the wight!
Something hits you but does no damage.
You have reached level 9!
Your experience leads to an increase in your attributes!
Increase (S)trength, (I)ntelligence, or (D)exterity?
You feel clever. x2; Your scales feel tougher.
You start resting.
Something hits you but does no damage.
You start resting.
Something barely misses you.
There is a strange disturbance nearby!
There is a strange disturbance nearby!
You punch something! You headbutt something. Something hits you!
You die...

#.##.⌠.##.#.##
#.#
##.####...# ..
.###.#...# #
#.⌠.#..#
#.#.#...#
##..#.# ##.#.#
#{#.# #.@.#
#.⌠?#).#
##.#...#
###...# .#.##
.##.# .. ..#
.. ###


There were no monsters in sight!

Vanquished Creatures
  A steam dragon (D:5)
  A water moccasin (D:5)
  A sky beast (D:6)
  An orc warrior (D:6)
  A black bear (D:4)
  2 ogres
  A phantom (D:5)
  A gnoll sergeant (D:6)
  5 scorpions
  2 wights (D:7)
  A howler monkey (D:6)
  A jelly (D:6)
  4 orc priests
  4 hounds
  Terence (D:2)
  A gnoll bouda (D:7)
  2 iguanas (D:5)
  2 orc wizards
  15 gnolls
  9 adders
  2 white imps (D:5)
  2 worms
  A dart slug (D:2)
  17 orcs
  9 ball pythons
  7 endoplasms
  3 giant cockroaches
  6 goblins
  7 hobgoblins
  4 quokkas
  4 bats
  3 frilled lizards
  6 kobolds
  A rat (D:1)
128 creatures vanquished.

Notes
Turn   | Place    | Note
-------+----------+-------------------------------------------
     0 | D:1      | Leeroy the Draconian Transmuter began the quest for the
                  | Orb.
     0 | D:1      | Reached XP level 1. HP: 16/16 MP: 3/3
   238 | D:1      | Found a faded altar of an unknown god.
   516 | D:1      | Reached XP level 2. HP: 22/23 MP: 5/5
   954 | D:2      | Noticed Terence
   962 | D:1      | Reached skill level 4 in Unarmed Combat
  1115 | D:2      | Reached XP level 3. HP: 18/28 MP: 6/6
  1119 | D:2      | Learned a level 3 spell: Spider Form
  1185 | D:2      | Killed Terence
  1313 | D:2      | Reached XP level 4. HP: 21/35 MP: 0/7
  1317 | D:2      | Reached skill level 5 in Unarmed Combat
  2010 | D:2      | Reached XP level 5. HP: 40/40 MP: 4/8
  2489 | D:3      | Reached skill level 6 in Unarmed Combat
  2529 | D:3      | Found a hazy altar of Hepliaklqana.
  3147 | D:3      | Reached XP level 6. HP: 38/47 MP: 2/9
  3158 | D:3      | Reached skill level 7 in Unarmed Combat
  3640 | D:4      | Found a staircase to the Ecumenical Temple.
  3648 | Temple   | Entered the Ecumenical Temple
  3775 | D:4      | Found Sorinieg's Fire Supplies.
  3942 | D:4      | Your scales start taking on a golden yellow colour.
  3942 | D:4      | Reached XP level 7. HP: 23/52 MP: 1/10
  3942 | D:4      | Gained mutation: You are resistant to acid. (rCorr) [Yellow
                  | Draconian growth]
  4142 | D:4      | Found a snail-covered altar of Cheibriados.
  4177 | D:4      | Reached skill level 8 in Unarmed Combat
  4380 | D:5      | Entered Level 5 of the Dungeon
  4462 | D:5      | Found a bloodstained altar of Trog.
  4690 | D:5      | Noticed a steam dragon
  4699 | D:5      | Killed a steam dragon
  4700 | D:5      | Reached skill level 9 in Unarmed Combat
  4700 | D:5      | Reached XP level 8. HP: 24/59 MP: 8/11
  5054 | D:5      | Learned a level 4 spell: Ice Form
  5718 | D:6      | Reached skill level 10 in Unarmed Combat
  5726 | D:6      | Reached skill level 5 in Transmutations
  6031 | D:7      | Reached XP level 9. HP: 7/60 MP: 12/12
  6033 | D:7      | Slain by an unseen horror

Illustrated notes

Levels and vault maps discovered:
D:1:      matt_arrival_los_fun, layout_basic, shapermc_ecumenical_altar_ellora
D:2:      layout_basic, uniq_terence
D:3:      layout_rooms, mainiacjoe_overflow_paths, nicolae_eternal_life
D:4:      layout_rooms, chei_slow_surprise, minmay_temple_entry_grid,
          nicolae_shop_fire_sale [nicolae_sub_dead_trees],
          corexii_hall_statues_l
D:5:      layout_basic, mainiacjoe_overflow_concentric_impassable
D:6:      layout_basic
D:7:      layout_gridville, hangedman_decor_opposing, grunt_decor_mini_mirrors,
          minmay_misc_feat_iff, st_stairs_6, uniq_maggie
Temple:   hellmonk_temple_rainy

Skill      XL: |  1  2  3  4  5  6  7  8 |
---------------+-------------------------+-----
Unarmed Combat | 4 5 6 7 9 10 | 10.8
Transmutations | 3 5 |  5.9
Fighting       | |  1.1
Dodging        | |  1.7
Spellcasting   | |  2.0
Ice Magic      | |  0.1
Poison Magic   | |  0.2

Action                   |  1- 3 |  4- 6 |  7- 9 || total
-------------------------+-------+-------+-------++-------
Melee: Unarmed           |    89 |   239 |   150 ||   478
       Tailslap          |    12 |    16 |    21 ||    49
       Punch             |     2 |     3 |     7 ||    12
       Headbutt          |     9 |       |    10 ||    19
       Kick              |     6 |       |    17 ||    23
 Cast: Beastly Appendage |     2 |       |     7 ||     9
       Spider Form       |     1 |     6 |     1 ||     8
       Ice Form          |       |       |     4 ||     4
 Abil: Breathe Acid      |       |       |     9 ||     9
  Use: Potion            |       |       |     1 ||     1
 Stab: Sleeping          |     1 |       |       ||     1
Armor: Skin              |    20 |    64 |    47 ||   131
Dodge: Dodged            |    72 |   173 |    91 ||   336

Table legend: (Time is in decaauts)
 A = Elapsed time spent in this place.
 B = Non-inter-level travel time spent in this place.
 C = Inter-level travel time spent in this place.
 D = Time resting spent in this place.
 E = Time spent auto-exploring this place.
 F = Levels seen in this place.
 G = Mean time per level.
                   A        B        C        D        E       F      G
               +--------+--------+--------+--------+--------+-----+--------+
         Total |   5972 |   5719 |    253 |    485 |   4226 |   8 |  746.5 |
       Dungeon |   5946 |   5705 |    241 |    485 |   4218 |   7 |  849.4 |
        Temple |     25 |     13 |     12 |      0 |      8 |   1 |   25.0 |
               +--------+--------+--------+--------+--------+-----+--------+

Top non-repeatable levels by time:
     D:2: 1403 daAuts
     D:1: 1083 daAuts
     D:3: 1037 daAuts
     D:5: 975 daAuts
     D:4: 793 daAuts
     D:6: 546 daAuts
     D:7: 105 daAuts
  Temple: 25 daAuts
